 Dungeon Crawl Stone Soup version 0.21-a0-125-gb006224 (webtiles) character file.

10 MackTheKnife the Caller (level 2, 0/19 HPs)
             Began as a Merfolk Summoner on July 14, 2017.
             Slain by an adder (3 damage)
             ... on level 1 of the Dungeon.
             The game lasted 00:01:08 (924 turns).

MackTheKnife the Caller (Merfolk Summoner)           Turns: 924, Time: 00:01:09

Health: 0/19       AC:  2    Str:  8    XL:     2   Next: 20%
Magic:  1/5        EV: 13    Int: 14    God:
Gold:   39         SH:  0    Dex: 14    Spells: 4/5 levels left

rFire    . . .     SeeInvis .   g - +0 whip
rCold    . . .     Gourm    .   (no shield)
rNeg     . . .     Faith    .   a - +0 robe
rPois    .         Spirit   .   (no helmet)
rElec    .         Reflect  .   (no cloak)
rCorr    .         Harm     .   (no gloves)
MR       .....                  (no boots)
Stlth    ++........             (no amulet)
HPRegen  0.06/turn              (no ring)
MPRegen  0.09/turn              (no ring)

@: lethally poisoned (0 -> -18), very slightly contaminated
A: change form in water, swift swim, stealthy swim
a: no special abilities


You were on level 1 of the Dungeon.
You were not hungry.

You visited 1 branch of the dungeon, and saw 1 of its levels.

You collected 39 gold pieces.

Inventory:

Hand Weapons
 g - a +0 whip (weapon)
   (You found it on level 1 of the Dungeon)
Armour
 a - a +0 robe (worn)
Jewellery
 p - an uncursed ring of see invisible {unknown}
   (You found it on level 1 of the Dungeon)
Scrolls
 d - a scroll of blinking {unknown}
 e - a scroll of teleportation {unknown}
 j - a scroll of enchant armour {unknown}
 l - a scroll of magic mapping {unknown}
 n - a scroll of identify {unknown}
Potions
 h - a potion of magic {unknown}
 i - a potion of flight {unknown}
 k - a potion of curing {unknown}
Books
 b - a book of Callings
Comestibles
 c - a bread ration {@e1}
 f - a royal jelly
 m - a meat ration {@e2}
 o - a fruit


   Skills:
 - Level 2.6 Dodging
 - Level 2.1 Stealth
 + Level 2.3 Spellcasting
 + Level 4.2 Summonings


You had 4 spell levels left.
You knew the following spells:

 Your Spells              Type           Power        Failure   Level  Hunger
z - Summon Small Mammal   Summ           ##..         4%          1    #......


Dungeon Overview and Level Annotations

Branches:
Dungeon (1/15)

Altars:


Message History

Your bat hits the worm but does no damage.
The worm closely misses your bat.
Your rat bites the worm.
Your bat hits the worm but does no damage.
Your rat bites the worm.
Your magical contamination has completely faded away.
Your bat hits the worm but does no damage.
Your bat hits the worm.
Your rat bites the worm.
The worm bites your bat.
Your bat hits the worm.
Your rat bites the worm.
The worm dies!
You have reached level 2!
You regained 4 hp, and now have 12/19 hp.
Unknown command.
You start resting.
Your rat disappears in a puff of smoke!
Your bat disappears in a puff of smoke!
Health restored: 19; MP restored: 5
Things that are here:
a club; a hobgoblin skeleton
k - a black potion
l - a scroll labeled GURONG MAWEST
m - a meat ration {@e2} A dart slug comes into view.
A rat comes into view.
The dart slug launches a dart at you. The slug dart hits you!
You take 6 damage, and have 13/19 hp.
MASSIVE DAMAGE!!
Okay, then.
The rat barely misses you.
You now have 4/5 mp.
The rat closely misses you.
You now have 3/5 mp.
You barely miss the rat. The rat closely misses you.
You hit the rat.
You kill the rat!
You hit the dart slug but do no damage.
Your rat bites the dart slug.
You hit the dart slug but do no damage. The dart slug closely misses you.
Your rat bites the dart slug.
You hit the dart slug.
Your rat bites the dart slug.
The dart slug launches a dart at you. The slug dart hits you!
You take 5 damage, and have 9/19 hp.
MASSIVE DAMAGE!!
You are too injured to fight recklessly!
You are too injured to fight recklessly!
You hit the dart slug.
You kill the dart slug!
You see here a rat corpse.
You start resting.
Your rat disappears in a puff of smoke! x2
The teleport trap disappears.
The giant cockroach disappears!
You regained 3 hp, and now have 12/19 hp.
MP restored: 5 You start resting.
Health restored: 19
n - a scroll labeled NOIMUG GODUAJ
o - a fruit
Okay, then.
Found a stone staircase leading down.
p - an encrusted glass ring An adder comes into view.
The adder moves out of view.
The adder is too close now for your liking.
Put on which piece of jewellery? (? for menu, Esc to quit)
Okay, then.
The adder hisses angrily.
The adder bites your rat.
You now have 4/5 mp.
Unknown command.
You miscast Summon Small Mammal.
You are very lightly contaminated with residual magic.
Nothing appears to happen.
The adder bites your rat.
Your rat dies!
Your rat's corpse disappears in a puff of smoke!
You now have 3/5 mp.
The adder bites you.
You are poisoned.
The adder poisons you!
You take 1 damage, and have 18/19 hp.
You now have 2/5 mp.
You feel sick. The adder barely misses you.
Your rat barely misses the adder.
The adder bites you.
You take 5 damage, and have 13/19 hp.
MASSIVE DAMAGE!!
You now have 1/5 mp.
You hit the adder. The adder bites you.
You are lethally poisoned!
The adder poisons you!
Your rat barely misses the adder.
You take 3 damage, and have 10/19 hp.
You hit the adder.
You feel sick. The adder bites you.
* * * LOW HITPOINT WARNING * * *
You are more poisoned.
The adder poisons you!
Your quokka bites the adder.
Your rat misses the adder.
You take 5 damage, and have 5/19 hp.
MASSIVE DAMAGE!!
You miss the adder.
* * * LOW HITPOINT WARNING * * *
You feel sick. The adder barely misses you.
Your quokka closely misses the adder.
Your rat completely misses the adder.
The adder bites you.
You die...

#.##............##..#.#
#.##.........###..§#.#.
#.##.........##.##.#.##
#.##.........#≈#§####.#
#..#.........#.#.#.#≈..
##.###..####.##.#.#.###
###)####...##.#.#####..#
#.....#..#.##.#..#..#...
#.....#@r#.##>#....#.#.#
#.....#Sr..##.##########
#.....#.#..##...........
#....................(..
#.....#.#..##.........(.
#.....#.#...............
#.....#.##........######
#.....#.#####..####
#######.# ####


You could see an adder, a friendly quokka and a friendly rat.

Vanquished Creatures
  A dart slug (D:1)
  A hobgoblin (D:1)
  2 goblins (D:1)
  A rat (D:1)
5 creatures vanquished.

Vanquished Creatures (collateral kills)
  A worm (D:1)
  2 hobgoblins (D:1)
  A bat (D:1)
4 creatures vanquished.

Grand Total: 9 creatures vanquished

Notes
Turn   | Place    | Note
-------+----------+-------------------------------------------
     0 | D:1      | MackTheKnife the Merfolk Summoner began the quest for the Orb.
     0 | D:1      | Reached XP level 1. HP: 13/13 MP: 3/3
   487 | D:1      | Reached XP level 2. HP: 12/19 MP: 1/5
   924 | D:1      | HP: 3/19 [poisoned by an adder]
   924 | D:1      | Slain by an adder

Vault maps used:
D:1:      dpeg_arrival_brainrot

Action                   || total
-------------------------++-------
Melee: Whip              ||    21
       Unarmed           ||     5
 Cast: Summon Small Mamm ||    13
 Stab: Distracted        ||     2
Armor: Robe              ||     2
Dodge: Dodged            ||    18

Vault maps used:
D:1:      dpeg_arrival_brainrot

Table legend:
 A = Turns spent in this place as a percentage of turns spent in the entire game.
 B = Non-inter-level travel turns spent in this place as a percentage of non-inter-level travel turns spent in the entire game.
 C = Inter-level travel turns spent in this place as a percentage of turns spent in this place.
 D = Turns resting spent in this place as a percentage of non-inter-level travel turns spent in this place.
 E = Turns spent auto-exploring this place as a percentage of non-inter-level travel turns spent in this place.
 F = Non-inter-level travel turns spent in this place divided by the number of levels of this place that you've seen.
                   A       B       C       D       E      F
               +-------+-------+-------+-------+-------+----------------------
         Total | 100.0 | 100.0 |   0.0 |   8.6 |  10.4 | 163.0
       Dungeon | 100.0 | 100.0 |   0.0 |   8.6 |  10.4 | 163.0
               +-------+-------+-------+-------+-------+----------------------

Table legend:
 A = Kills in this place as a percentage of kills in entire the game.
 B = Kills by you in this place as a percentage of kills by you in the entire game.
 C = Kills by friends in this place as a percentage of kills by friends in the entire game.
 D = Other kills in this place as a percentage of other kills in the entire game.
 E = Experience gained in this place as a percentage of experience gained in the entire game.
 F = Experience gained in this place divided by the number of levels of this place that you have seen.
                   A       B       C       D       E      F
               +-------+-------+-------+-------+-------+----------------------
         Total | 100.0 | 100.0 | 100.0 |  -nan | 100.0 |  15.0
       Dungeon | 100.0 | 100.0 | 100.0 |  -nan | 100.0 |  15.0
               +-------+-------+-------+-------+-------+----------------------
